 Dungeon Crawl Stone Soup version 0.31.0-12-g77e489cdc1 (webtiles) character file.

Game seed: 4247091698361830389

351 Rassilon the Magician (level 6, 0/47 HPs)
             Began as a Draconian Hedge Wizard on Feb 14, 2024.
             Slain by a bombardier beetle (3 damage)
             ... on level 4 of the Dungeon.
             The game lasted 00:16:26 (3493 turns).

Rassilon the Magician (Draconian Hedge Wizard)      Turns: 3493, Time: 00:16:27

Health: 0/47       AC:  6    Str: 10 (12) XL:     6   Next: 34%
Magic:  9/12       EV: 12    Int: 13 (15) God:
Gold:   107        SH:  0    Dex:  9 (10) Spells: 3/14 levels left

rFire   . . .        d - +2 short sword (elec)
rCold   . . .        (no shield)
rNeg    . . .        (body armour unavailable)
rPois   .            b - +0 hat
rElec   .            (no cloak)
rCorr   .            (no gloves)
SInv    .            (no boots)
Will    .....        (no amulet)
Stlth   ++           (no ring)
HPRegen 0.27/turn    (no ring)
MPRegen 0.13/turn

%: no passive effects
@: brilliant, attractive, very slightly contaminated, hasted, very quick
A: AC +6, unfitting armour, cold-blooded, talons 2, dopey 1
a: no special abilities


You were on level 4 of the Dungeon.
You visited 1 branch of the dungeon, and saw 4 of its levels.

You collected 107 gold pieces.

Inventory:

Hand Weapons
 a - a +0 dagger
 d - a +2 short sword of electrocution (weapon)
Armour
 b - a +0 hat (worn)
Jewellery
 j - a +6 ring of dexterity
 p - a ring of magical power
Scrolls
 e - a scroll of noise {unknown}
 g - 3 scrolls of teleportation {unknown}
 h - a scroll of enchant weapon {unknown}
 i - a scroll of poison {unknown}
 m - a scroll of immolation {unknown}
 n - 3 scrolls of identify {unknown}
 q - a scroll of fear {unknown}
 s - 2 scrolls of enchant armour {unknown}
Potions
 c - a potion of magic


   Skills:
 + Level 1.3 Fighting
 + Level 2.3 Short Blades
 + Level 2.4 Dodging
 - Level 3.0 Stealth
 + Level 4.6 Spellcasting
 + Level 1.2 Conjurations
 + Level 1.6 Hexes
 + Level 1.2 Summonings
 + Level 1.2 Translocations
 + Level 0.3 Air Magic
 + Level 0.1 Alchemy


You had 3 spell levels left.
You knew the following spells:

 Your Spells              Type           Power      Damage    Failure   Level
a - Magic Dart            Conj           36%        1d4       12%         1
b - Slow                  Hex            40%        N/A       10%         1
c - Blink                 Tloc           18%        N/A       19%         2
d - Call Imp              Summ           18%        N/A       17%         2
e - Mephitic Cloud        Conj/Alch/Air  6%         N/A       43%         3
f - Cigotuvi's Dreadful   Necr/Alch/Air  10%        N/A       28%         2

Your spell library contained the following spells:

 Spells                   Type           Power      Damage    Failure   Level
 Sublimation of Blood     Necr           4%         N/A       28%         2
 Petrify                  Alch/Erth      4%         N/A       88%         4
 Irradiate                Conj/Alch      3%         3d12      99%         5


Dungeon Overview and Level Annotations

Branches:
Dungeon (4/15)
 Temple: D:4-7

Altars:

Shops:
D:2 (


Innate Abilities, Weirdness & Mutations

Your plain brown scales are hard. (AC +6)
You cannot fit into any form of body armour.
You are cold-blooded and may be slowed by cold attacks.
You have razor-sharp toenails.
You are dopey. (Int -2)


Message History

You miscast Mephitic Cloud.
You are very lightly contaminated with residual magic.
Parts of your body briefly turn golden.
You are poisoned.
You feel very sick.
Your cerulean imp barely misses the bombardier beetle.
* * * LOW HITPOINT WARNING * * *
You feel very sick.
Your cerulean imp hits the bombardier beetle but does no damage.
It was a potion of mutation.
You feel extremely strange.
You feel stupid.
Your toenails lengthen and sharpen. x2
* * * LOW HITPOINT WARNING * * *
You feel sick.
It was a potion of brilliance.
You feel clever all of a sudden.
* * * LOW HITPOINT WARNING * * *
You feel sick.
Your cerulean imp hits the bombardier beetle but does no damage.
* * * LOW HITPOINT WARNING * * *
You feel sick.
It was a potion of haste.
You feel yourself speed up.
You feel sick.
Your cerulean imp hits the bombardier beetle from afar with a -4 spear.
The bombardier beetle sprays incendiary fluid at you.
The burning spray misses you.
You feel sick.
It was a potion of attraction.
You feel attractive to monsters.
You feel sick.
It was a potion of degeneration.
There was something very wrong with that liquid.
You feel weakened.
You feel dopey.
You feel clumsy.
You feel sick. Something misses your cerulean imp.
You start resting.
You feel sick. x2
You are no longer poisoned.
Your cerulean imp hits the bombardier beetle but does no damage.
The bombardier beetle is attracted toward you.
You barely miss the bombardier beetle. You claw the bombardier beetle.
You punch the bombardier beetle, but do no damage.
The bombardier beetle is almost dead.
The bombardier beetle bites you.
You die...

#### #.####.# #.###
#...######.####.####....
#.#..#.†........^.....## ####
###.##...####.##..####..# ...#
.....#..### #..#.## #..# ...#
#......####.#.# #..## ...######
#.##.#..###...# #....
........###.##.##......### #.###
...####......)..@B.#.....####.# #
...########.##.###5.........#.# #
##....#####.##...##§..........###
####....##.####......######...##
####.##.# ###.....# ##...# #.##.#
##...##.# #.#.# #....####..5###.#
#.#.. ####......#.###.## #.#..
###.#...>.....# ##.#..


You could see a bombardier beetle (ally target) and a friendly cerulean imp
(summoned).

Vanquished Creatures
  An ice beast (D:2)
  A jelly (D:4)
  An orc priest (D:4)
  3 orc wizards
  2 adders
  22 orcs
  2 bats
  5 endoplasms
  5 giant cockroaches
  5 goblins
  6 hobgoblins
  4 jackals (D:4)
  5 quokkas
  4 ball pythons (D:1)
  2 frilled lizards
  6 kobolds
  6 rats
80 creatures vanquished.

Vanquished Creatures (collateral kills)
  An endoplasm (D:1)
1 creature vanquished.

Grand Total: 81 creatures vanquished

Notes
Turn   | Place    | Note
-------+----------+-------------------------------------------
     0 | D:1      | Rassilon the Draconian Hedge Wizard began the quest for the
                  | Orb.
     0 | D:1      | Reached XP level 1. HP: 14/14 MP: 4/4
     2 | D:1      | Learned a level 1 spell: Slow
   279 | D:1      | Reached XP level 2. HP: 10/20 MP: 1/6
   284 | D:1      | Learned a level 2 spell: Blink
   287 | D:1      | Learned a level 2 spell: Call Imp
   457 | D:1      | Found a faded altar of an unknown god.
   910 | D:2      | You fall into a shaft and drop 1 floor!
  1028 | D:2      | Found Qeufog's Antique Weapon Boutique.
  1061 | D:2      | Reached XP level 3. HP: 26/26 MP: 8/8
  1400 | D:2      | Learned a level 3 spell: Mephitic Cloud
  1986 | D:3      | Found Yschyc Giawu's Jewellery Boutique.
  2100 | D:3      | Noticed an ice beast
  2120 | D:2      | Killed an ice beast
  2121 | D:2      | Reached skill level 1 in Fighting
  2121 | D:2      | Reached skill level 1 in Short Blades
  2121 | D:2      | Reached XP level 4. HP: 10/35 MP: 4/9
  2121 | D:2      | Reached XP level 5. HP: 11/40 MP: 4/10
  2337 | D:3      | Learned a level 2 spell: Cigotuvi's Dreadful Rot
  2521 | D:3      | Reached skill level 1 in Hexes
  2776 | D:4      | Reached skill level 4 in Spellcasting
  3033 | D:4      | Reached XP level 6. HP: 23/46 MP: 6/12
  3481 | D:4      | Gained mutation: You are dopey. (Int -2) [potion of
                  | mutation]
  3481 | D:4      | Gained mutation: You have sharp toenails. [potion of
                  | mutation]
  3481 | D:4      | Gained mutation: You have razor-sharp toenails. [potion of
                  | mutation]
  3491 | D:4      | HP: 2/47 [poison]
  3493 | D:4      | Slain by a bombardier beetle

Illustrated notes

Levels and vault maps discovered:
D:1:      reono_arrival_forest_river, layout_loops_ring,
          dreamdust_ecumenical_altar_grove, hangedman_abyss_or_decor_stabs,
          minmay_heptomino_l4
D:2:      layout_basic, serial_glass, glass_columns_b, glass_columns_b,
          serial_shops, nicolae_shop_waterfront
D:3:      layout_loops_ring, serial_shops, nicolae_shop_statue_plus
D:4:      layout_rooms

Skill      XL: |  1  2  3  4  5 |
---------------+----------------+-----
Dodging        | 2 |  2.4
Stealth        | 2 3 |  3.0
Fighting       | 1 |  1.3
Short Blades   | 1 2 |  2.3
Hexes          | 1 |  1.6
Spellcasting   | 4 |  4.6
Conjurations   | |  1.2
Summonings     | |  1.2
Translocations | |  1.2
Air Magic      | |  0.3
Alchemy        | |  0.1

Action                     |  1- 3 |  4- 6 || total
---------------------------+-------+-------++-------
  Melee: Short sword       |    86 |   121 ||   207
         Dagger            |     7 |       ||     7
         Tailslap          |     4 |     7 ||    11
         Punch             |       |     3 ||     3
         Kick              |       |     1 ||     1
   Cast: Magic Dart        |     9 |     6 ||    15
         Slow              |     6 |    12 ||    18
         Call Imp          |     5 |     4 ||     9
         Blink             |     1 |       ||     1
         Mephitic Cloud    |       |     4 ||     4
         Cigotuvi's Dreadf |       |     1 ||     1
    Use: Potion            |     1 |     5 ||     6
   Stab: Sleeping          |     7 |     3 ||    10
         Confused          |       |     1 ||     1
 Armour: Skin              |    47 |    67 ||   114
  Dodge: Dodged            |    59 |    36 ||    95
